[Event "Titled Tuesday Blitz February 22 Late 2022"]
[White "Wu, Christopher"]
[Black "Golubenko, Valentina"]
[WhiteFideId "2040875"]
[BlackFideId "4501993"]
[WhiteElo "2659"]
[BlackElo "2164"]
[Result "0-1"]
[Round "01"]
[TimeControl "180+1"]
[Date "2022.02.23"]
[WhiteClock "0:00:02"]
[BlackClock "0:00:16"]

1. d4 Nf6 2. c4 g6 3. Nc3 c5 4. d5 d6 5. e4 Bg7 6. f4 O-O 7. Nf3 e6 8. Bd3 exd5 9. cxd5 Re8 10. O-O a6 11. a4 c4 12. Bc2 Nbd7 13. Be3 Qc7 14. h3 b6 15. Bd4 Rb8 16. Qd2 b5 17. axb5 axb5 18. Ra7 Qd8 19. e5 b4 20. exf6 bxc3 21. bxc3 Nxf6 22. Ba4 Re7 23. Rxe7 Qxe7 24. Re1 Qc7 25. Bc6 Bf5 26. g4 Bd3 27. Qe3 Ne4 28. Bxg7 Kxg7 29. Qd4+ Kg8 30. Rxe4 Bxe4 31. Qxe4 Qb6+ 32. Qd4 Qb1+ 33. Kg2 Rb2+ 34. Kg3 Qc2 35. Kh4 Qe2 36. Ng1 Qe1+ 37. Kg5 h6+ 38. Kf6 Qh4+ 39. g5 Rf2 40. Ke7 Rxf4 41. Qb6 Re4+ 42. Kxd6 Qf4+ 43. Kc5 Qxg5 44. Qd8+ Qxd8 0-1


[Site "https://www.chess.com"]

[Event "Titled Tuesday Blitz February 22 Late 2022"]
[White "Yang, Kaiqi"]
[Black "Bortnyk, Olexandr"]
[WhiteFideId "8604398"]
[BlackFideId "14120828"]
[WhiteElo "2373"]
[BlackElo "2723"]
[Result "0-1"]
[Round "01"]
[TimeControl "180+1"]
[Date "2022.02.22"]
[WhiteClock "0:00:14"]
[BlackClock "0:00:20"]

1. c4 f5 2. g3 Nf6 3. Bg2 d6 4. d4 g6 5. Nh3 Bg7 6. O-O c6 7. Nc3 O-O 8. d5 e5 9. dxe6 Bxe6 10. Bf4 Bxc4 11. Bxd6 Re8 12. b3 Ba6 13. Rc1 Nbd7 14. Nf4 Ne5 15. Bxe5 Rxe5 16. Qxd8+ Rxd8 17. Rfd1 Ree8 18. e3 Ng4 19. Na4 Bf8 20. h3 Ne5 21. Rxd8 Rxd8 22. Ne6 Rd2 23. Nxf8 Kxf8 24. Ra1 Nd3 25. f4 Rc2 26. Bf1 Nf2 27. Bxa6 Nxh3+ 28. Kh1 bxa6 29. b4 Nf2+ 30. Kg2 Ne4+ 31. Kg1 Nxg3 32. Nc5 a5 33. Ne6+ Ke7 34. Nd4 Ne2+ 35. Nxe2 Rxe2 36. bxa5 a6 37. Rc1 Kd6 38. Rd1+ Kc7 0-1


[Site "https://www.chess.com"]

[Event "Titled Tuesday Blitz February 22 Late 2022"]
[White "Yordanov, Nikolay Plamenov"]
[Black "Hess, Robert"]
[WhiteFideId "2907445"]
[BlackFideId "2022036"]
[WhiteElo "2248"]
[BlackElo "2557"]
[Result "1-0"]
[Round "01"]
[TimeControl "180+1"]
[Date "2022.02.23"]
[WhiteClock "0:00:10"]
[BlackClock "0:00:02"]

1. d4 g6 2. Bf4 Bg7 3. e3 d6 4. h3 Nd7 5. Nf3 b6 6. Be2 Bb7 7. O-O e5 8. Bh2 e4 9. Nfd2 f5 10. c4 Ne7 11. Nc3 O-O 12. Rc1 g5 13. b4 a5 14. a3 Kh8 15. c5 axb4 16. axb4 bxc5 17. bxc5 dxc5 18. Nb5 Nd5 19. Bc4 cxd4 20. Bxd5 Bxd5 21. Nxc7 dxe3 22. fxe3 Ra5 23. Nb3 Bxb3 24. Qxb3 Qe7 25. Rfd1 Ne5 26. Ne6 Ra3 27. Qd5 Nd3 28. Rc7 Ra5 29. Qxa5 Qxe6 30. Qa7 Qg6 31. Rb1 f4 32. Rbb7 Rg8 33. Rb6 Qh5 34. Rb1 Qe2 35. Rxg7 Rxg7 36. Rb8+ Rg8 37. Qd4+ Ne5 38. Qxe5# 1-0


[Site "https://www.chess.com"]

[Event "Titled Tuesday Blitz February 22 Late 2022"]
[White "Yuan, Qingyu"]
[Black "Melaugh, Shane"]
[WhiteFideId "8609772"]
[BlackFideId "2509580"]
[WhiteElo "2359"]
[BlackElo "2000"]
[Result "1-0"]
[Round "01"]
[TimeControl "180+1"]
[Date "2022.02.23"]
[WhiteClock "0:00:13"]
[BlackClock "0:00:11"]

1. Nf3 Nc6 2. d4 d5 3. g3 Nf6 4. Bg2 Bf5 5. O-O Qd7 6. c4 e6 7. Nc3 dxc4 8. Qa4 Nb4 9. Qxd7+ Nxd7 10. Bf4 Bd6 11. Ne5 Bxe5 12. dxe5 c6 13. Rfd1 O-O-O 14. Ne4 Bxe4 15. Bxe4 h6 16. Rac1 g5 17. Be3 Nxe5 18. a3 Nd5 19. Bxa7 b6 20. Bxd5 cxd5 21. Bxb6 Rd7 22. Bd4 f6 23. f4 gxf4 24. gxf4 Rg8+ 25. Kh1 Ng4 26. h3 e5 27. Bg1 exf4 28. hxg4 Rxg4 29. Rc3 h5 30. Rh3 h4 31. b3 cxb3 32. Rxb3 Kd8 33. Rbd3 Rg5 34. Bf2 Ke8 35. Rd4 f3 36. exf3 Kf7 37. Bxh4 Rh5 38. R1d2 Ke6 39. Re2+ Kf7 40. Kg2 Ra7 41. Re3 Ra5 42. Bg3 Ra7 43. Red3 Rd7 44. Kf2 Ke6 45. Rh4 Rg5 46. Rh6 Rdg7 47. Bh4 Rg2+ 48. Ke3 R7g5 49. Bxg5 Rxg5 50. Rh4 Re5+ 51. Kd2 Rg5 52. Rhd4 Rg2+ 53. Ke3 Rg5 54. Rxd5 Rxd5 55. Rxd5 Kxd5 56. Kf4 Kc4 57. Kf5 Kb3 58. Kxf6 Kxa3 59. f4 Kb4 60. f5 Kc5 61. Ke6 Kc6 62. f6 Kc7 63. Ke7 1-0


[Site "https://www.chess.com"]

[Event "Titled Tuesday Blitz February 22 Late 2022"]
[White "Zeynalli, Rashad"]
[Black "volunteers1998"]
[WhiteFideId "13403320"]
[WhiteElo "2125"]
[BlackElo "2253"]
[Result "1/2-1/2"]
[Round "01"]
[TimeControl "180+1"]
[Date "2022.02.23"]
[WhiteClock "0:00:16"]
[BlackClock "0:00:51"]

1. e4 c5 2. Nf3 Nc6 3. d4 cxd4 4. Nxd4 Nf6 5. Nc3 e5 6. Ndb5 d6 7. Bg5 a6 8. Na3 b5 9. Nd5 Be7 10. Bxf6 Bxf6 11. c3 Bg5 12. Nc2 Rb8 13. a4 bxa4 14. Ncb4 Nxb4 15. cxb4 Bd7 16. Bxa6 O-O 17. O-O f5 18. exf5 Rxf5 19. Bc4 Kh8 20. Bd3 Rf8 21. Qh5 Bh6 22. Rfd1 Qg5 23. Qxg5 Bxg5 24. Bc2 Be6 25. Rxa4 Rfc8 26. Nc3 Rd8 27. Nd5 Rdc8 28. Nc3 Rd8 29. Ra6 Rxb4 30. Raxd6 Rxd6 31. Rxd6 Bg8 32. Na4 g6 33. Rb6 Rxb6 34. Nxb6 Kg7 35. Bd3 Bb3 36. Bc4 Bd8 37. Bxb3 Bxb6 38. Kf1 Bd4 39. Bc2 1/2-1/2


[Site "https://www.chess.com"]

[Event "Titled Tuesday Blitz February 22 Late 2022"]
[White "Zhou, Qiyu"]
[Black "Sharafiev, Azat"]
[WhiteFideId "505161"]
[BlackFideId "4186214"]
[WhiteElo "1925"]
[BlackElo "2299"]
[Result "0-1"]
[Round "01"]
[TimeControl "180+1"]
[Date "2022.02.23"]
[WhiteClock "0:00:02"]
[BlackClock "0:00:04"]

1. e4 c5 2. Nf3 e6 3. d4 cxd4 4. Nxd4 Nc6 5. Nc3 Qc7 6. Be3 a6 7. a3 Nf6 8. Bd3 d6 9. O-O Be7 10. f4 Nxd4 11. Bxd4 e5 12. Be3 Ng4 13. Nd5 Qc6 14. Qf3 Nxe3 15. Qxe3 exf4 16. Qxf4 Be6 17. c4 Bd8 18. Kh1 O-O 19. Rad1 Rc8 20. b3 h6 21. Qg3 Bg5 22. Rf3 b5 23. Rdf1 bxc4 24. Bxc4 Qc5 25. h4 Bd8 26. a4 Qd4 27. Bxa6 Ra8 28. Bd3 Rb8 29. Bc4 Qxe4 30. Rf4 Qe5 31. Re1 Qb2 32. Ref1 Qe5 33. Re1 Qb2 34. Ref1 Kh8 35. Re1 Bxd5 36. Bxd5 Bf6 37. Ref1 Be5 38. Qg4 Bxf4 39. Qxf4 Qe5 40. Qxe5 dxe5 41. Rxf7 Rxf7 42. Bxf7 e4 43. Bc4 e3 44. Kg1 e2 45. Kf2 Re8 46. Bxe2 Re4 47. g3 Re5 48. Bc4 Kh7 49. Kf3 g5 50. hxg5 hxg5 51. Kg4 Kh6 52. Kf3 Kg6 53. b4 Re1 54. Bd5 Ra1 55. a5 Ra4 56. b5 Rxa5 57. Bc6 Ra3+ 58. Kf2 Rb3 59. Kg2 Kf5 60. Kf2 Kg4 61. Bd7+ Kh5 62. Bc6 Kg6 63. Bd7 Kf6 64. Bc6 Ke5 65. Bd7 Kd4 66. Bc6 g4 67. Bd7 Rb2+ 68. Kf1 Ke3 69. Kg1 Kf3 70. Bc6+ 0-1


[Site "https://www.chess.com"]

[Event "Titled Tuesday Blitz February 22 Late 2022"]
[White "Zlatin, Alexander"]
[Black "Urazayev, Arystanbek"]
[WhiteFideId "2810549"]
[BlackFideId "13709810"]
[WhiteElo "2228"]
[BlackElo "2321"]
[Result "1/2-1/2"]
[Round "01"]
[TimeControl "180+1"]
[Date "2022.02.23"]
[WhiteClock "0:00:06"]
[BlackClock "0:00:16"]

1. e4 e6 2. d4 d5 3. exd5 exd5 4. Nf3 Nc6 5. Bd3 Bg4 6. c3 Bd6 7. O-O Nge7 8. Re1 Qd7 9. b4 f6 10. h3 Bh5 11. Nbd2 g5 12. b5 Nd8 13. c4 dxc4 14. Nxc4 Bb4 15. Bd2 Bxd2 16. Ncxd2 Ne6 17. Qb3 Nf4 18. Be4 O-O-O 19. Qa3 Kb8 20. Bxb7 Kxb7 21. Rxe7 Qd6 22. Qxd6 Rxd6 23. Rc1 Nd5 24. Rg7 Bg6 25. Nc4 Rdd8 26. Na5+ Ka8 27. Nc6 Rd6 28. Nd2 Be8 29. Nc4 Re6 30. N4a5 Rd6 31. Rc5 Bxc6 32. Rxc6 Rxc6 33. bxc6 Kb8 34. Rf7 h5 35. g3 h4 36. g4 Re8 37. Nb3 a5 38. Nc5 Re1+ 39. Kh2 Re2 40. Kg2 Rxa2 41. Na6+ Ka7 42. Nxc7 Nf4+ 43. Kf3 Kb6 44. Ne8 Kxc6 45. Rxf6+ Kd7 46. Ng7 Nxh3 47. Nf5 Nxf2 48. Ra6 Nd3 49. Ke4 Nb4 50. Ra7+ Kc8 51. Nd6+ Kb8 52. Rh7 Re2+ 53. Kf5 a4 54. Kxg5 Nd5 55. Rb7+ Ka8 56. Rb5 Nc3 57. Ra5+ Kb8 58. Kxh4 Kc7 59. Nb5+ Nxb5 60. Rxb5 a3 61. Ra5 a2 62. d5 Kb6 63. Ra8 Kb7 64. Ra3 Kc7 65. Kg5 Kd6 66. Kg6 Kxd5 67. g5 Kc5 68. Kg7 Kb4 69. Ra8 Kb3 70. g6 Re4 71. Rxa2 Kxa2 72. Kh8 Rh4+ 73. Kg8 Kb3 74. g7 Kc4 75. Kf8 Rf4+ 76. Ke8 Rg4 77. Kf8 Kd5 78. g8=Q+ Rxg8+ 79. Kxg8 1/2-1/2


[Site "https://www.chess.com"]

[Event "Titled Tuesday Blitz February 22 Late 2022"]
[White "Abdyzhapar, Asylbek"]
[Black "Bluebaum, Matthias"]
[WhiteFideId "13800337"]
[BlackFideId "24651516"]
[WhiteElo "2560"]
[BlackElo "2831"]
[Result "0-1"]
[Round "02"]
[TimeControl "180+1"]
[Date "2022.02.23"]
[WhiteClock "0:01:19"]
[BlackClock "0:00:20"]

1. c4 e6 2. g3 d5 3. Bg2 Nf6 4. Nf3 dxc4 5. O-O a6 6. a4 Nc6 7. Na3 Na5 8. Qc2 Qd5 9. Rd1 Bd7 10. d3 cxd3 11. Rxd3 Qc5 12. Rc3 Qf5 13. Qxf5 exf5 14. Rxc7 Bd6 15. Rc2 Bxa4 16. Rc3 Ne4 17. Nc4 Nxc4 18. Rxc4 Bb5 19. Rc2 Bc5 20. e3 Bd3 21. Rxc5 Nxc5 22. Nd4 Be4 23. Bf1 O-O 24. b4 Ne6 25. f3 Nxd4 26. fxe4 Nb3 27. Rb1 Nxc1 28. Rxc1 fxe4 29. Rc7 b5 30. Bg2 f5 31. g4 Rf7 32. Rc5 g6 33. gxf5 gxf5 34. Bh3 Raf8 35. Kf2 f4 36. Be6 Kh8 37. Bxf7 Rxf7 38. Rc6 fxe3+ 39. Kxe3 Rf3+ 40. Kxe4 Ra3 41. Ke5 Kg7 42. h4 Rh3 43. Rc7+ Kg6 44. Rc6+ Kh5 45. Rc7 h6 46. Kd5 Rxh4 47. Kc5 Rc4+ 48. Kb6 Rxc7 49. Kxc7 Kg6 50. Kb6 h5 51. Kxa6 h4 52. Kxb5 h3 53. Ka6 h2 54. b5 h1=Q 55. b6 Qa8+ 56. Kb5 Qb7 0-1


[Site "https://www.chess.com"]

[Event "Titled Tuesday Blitz February 22 Late 2022"]
[White "Al Hosani, Omran"]
[Black "Kozak, Adam"]
[WhiteFideId "9308733"]
[BlackFideId "753246"]
[WhiteElo "2554"]
[BlackElo "2824"]
[Result "0-1"]
[Round "02"]
[TimeControl "180+1"]
[Date "2022.02.23"]
[WhiteClock "0:00:01"]
[BlackClock "0:00:16"]

1. e4 c5 2. Nf3 Nf6 3. e5 Nd5 4. Nc3 Nc7 5. Ne4 b6 6. Bd3 Bb7 7. Qe2 Nc6 8. O-O Ne6 9. Nfg5 Nxe5 10. Nxe6 dxe6 11. Bb5+ Bc6 12. f4 Bxb5 13. Qxb5+ Qd7 14. Qe2 Nc6 15. d3 g6 16. Be3 Bg7 17. c3 O-O 18. h4 Rad8 19. Rad1 h5 20. Ng5 Qd5 21. a3 Qf5 22. Ne4 Qg4 23. Qxg4 hxg4 24. b4 cxb4 25. axb4 Rd7 26. d4 f5 27. Ng5 Nd8 28. c4 Bf6 29. c5 Bxg5 30. fxg5 Rd5 31. b5 e5 32. dxe5 Rxe5 33. Bd4 Re4 34. c6 Ne6 35. Bc3 Nc7 36. Rd7 Nxb5 37. Ba1 Rc8 38. Rb1 a6 39. Kh2 Rxc6 40. Rd8+ Kf7 41. Rbd1 Rd6 42. R1xd6 Nxd6 43. Rh8 Re2 44. Rh7+ Ke6 45. h5 Ne4 46. hxg6 g3+ 47. Kh3 Re1 48. Rxe7+ Kxe7 49. Bf6+ Kf8 50. g7+ Kg8 0-1


[Site "https://www.chess.com"]

[Event "Titled Tuesday Blitz February 22 Late 2022"]
[White "Andreikin, Dmitry"]
[Black "Golubka, Petro"]
[WhiteFideId "4158814"]
[BlackFideId "14114224"]
[WhiteElo "2736"]
[BlackElo "2392"]
[Result "1-0"]
[Round "02"]
[TimeControl "180+1"]
[Date "2022.02.22"]
[WhiteClock "0:00:22"]
[BlackClock "0:00:42"]

1. d4 d5 2. c4 e6 3. Nc3 Be7 4. Bf4 Nf6 5. e3 O-O 6. Nf3 Nbd7 7. c5 c6 8. b4 b6 9. Be2 a5 10. a3 Bb7 11. O-O Re8 12. h3 g6 13. Qc2 Qc8 14. Rfc1 Bd8 15. Ne5 Nxe5 16. Bxe5 Nd7 17. Bd6 Be7 18. Bxe7 Rxe7 19. e4 axb4 20. axb4 bxc5 21. Rxa8 Qxa8 22. dxc5 Qa3 23. Rb1 Ba6 24. Rb3 Qa1+ 25. Rb1 Qa3 26. Bxa6 Qxa6 27. exd5 exd5 28. b5 Qb7 29. Ne2 Nxc5 30. Nd4 Ne6 31. bxc6 Qc8 32. Nxe6 fxe6 33. Qc3 Rc7 34. Qe5 Kf7 35. Qxc7+ Qxc7 36. Rb7 Qe7 37. c7 1-0


[Site "https://www.chess.com"]

[Event "Titled Tuesday Blitz February 22 Late 2022"]
[White "Ankerst, Mihael"]
[Black "Virtanen, Teemu"]
[WhiteFideId "14602369"]
[BlackFideId "509850"]
[WhiteElo "2325"]
[BlackElo "1926"]
[Result "1-0"]
[Round "02"]
[TimeControl "180+1"]
[Date "2022.02.23"]
[WhiteClock "0:00:24"]
[BlackClock "0:00:06"]

1. e4 d6 2. d4 Nf6 3. Nc3 c6 4. f4 Qa5 5. Bd3 e5 6. Nf3 Bg4 7. Be3 Nbd7 8. O-O Be7 9. Ne2 O-O 10. c3 Rfe8 11. Kh1 Bf8 12. Ng3 exf4 13. Bxf4 Nh5 14. Nxh5 Qxh5 15. Qd2 Nf6 16. Rae1 Rad8 17. Ng5 h6 18. Nf3 c5 19. h3 cxd4 20. cxd4 d5 21. e5 Ne4 22. Qe3 Bb4 23. Rc1 Bf5 24. Kg1 Bh7 25. Rc7 Re7 26. Rfc1 Rxc7 27. Rxc7 Ba5 28. Rxb7 Bb6 29. a4 Qg6 30. a5 Bxa5 31. Rxa7 Qb6 32. Ra6 Qb4 33. e6 fxe6 34. Ne5 Bb6 35. Nc6 Qxb2 36. Kh2 Rf8 37. Bxh6 Rf2 38. Ra8+ Kf7 39. Ne5+ Ke7 40. Bxe4 Bxe4 41. Qg5+ Kd6 42. Rd8+ Kc7 43. Qe7# 1-0


[Site "https://www.chess.com"]

[Event "Titled Tuesday Blitz February 22 Late 2022"]
[White "Ansh M Shah"]
[Black "Migot, Tangi"]
[WhiteFideId "25033379"]
[BlackFideId "662445"]
[WhiteElo "1819"]
[BlackElo "2527"]
[Result "1-0"]
[Round "02"]
[TimeControl "180+1"]
[Date "2022.02.23"]
[WhiteClock "0:01:12"]
[BlackClock "0:00:03"]

1. d4 d6 2. Nf3 Bg4 3. g3 Bxf3 4. exf3 c6 5. Bg2 Nd7 6. O-O Ngf6 7. f4 g6 8. b3 Bg7 9. Bb2 O-O 10. Nd2 a5 11. Re1 a4 12. c4 Qc7 13. Nf3 d5 14. c5 e6 15. Ne5 Ra6 16. b4 a3 17. Bc3 b5 18. Rb1 Nb8 19. Rb3 Qa7 20. h3 Ne8 21. Kh2 Nc7 22. g4 f6 23. Nf3 Nd7 24. Nd2 e5 25. fxe5 fxe5 26. dxe5 Rxf2 27. e6 Nf6 28. Bd4 Rf4 29. Be5 Bh6 30. Rf1 Nxe6 31. Bxf6 Qf7 32. Be5 Rxf1 33. Nxf1 Bf4+ 34. Bxf4 Qxf4+ 35. Kh1 Nd4 36. Rd3 Ne6 37. Qf3 Qxb4 38. Re3 Ng7 39. Re7 Qb2 40. Qf7+ Kh8 41. Qf8# 1-0


[Site "https://www.chess.com"]

[Event "Titled Tuesday Blitz February 22 Late 2022"]
[White "Antonio, Jorge Carlos"]
[Black "Fiorito, Fabian"]
[WhiteFideId "113190"]
[BlackFideId "100200"]
[WhiteElo "2247"]
[BlackElo "2395"]
[Result "1-0"]
[Round "02"]
[TimeControl "180+1"]
[Date "2022.02.23"]
[WhiteClock "0:00:26"]
[BlackClock "0:00:02"]

1. e4 c6 2. f4 d5 3. exd5 cxd5 4. g3 Nc6 5. Bg2 g6 6. Nf3 Bg7 7. d4 e6 8. c3 Nge7 9. O-O O-O 10. Bd2 b5 11. Na3 b4 12. Nc2 a5 13. Ne3 Rb8 14. Re1 a4 15. Qxa4 Bd7 16. Qc2 bxc3 17. Bxc3 Qb6 18. Kh1 Rfc8 19. Qd2 Nb4 20. Bf1 Na6 21. Ne5 Be8 22. a4 Nc6 23. Nxc6 Qxc6 24. Ng4 f6 25. Nf2 e5 26. Bxa6 Qxa6 27. dxe5 d4 28. Qxd4 Rd8 29. Qe3 Bf8 30. h4 Qc6+ 31. Kh2 Bc5 32. Qe2 Bf7 33. e6 Be8 34. Ng4 Be7 35. Nxf6+ Bxf6 36. Bxf6 Rd5 37. Rac1 Qxa4 38. Rc7 Bd7 39. exd7 Rxd7 40. Qe6+ Kf8 41. Qxd7 Rxb2+ 42. Kh3 Qxd7+ 43. Rxd7 Rb3 44. Rxh7 Rxg3+ 45. Kxg3 g5 46. Ra7 gxf4+ 47. Kg2 f3+ 48. Kf1 f2 49. Rb1 1-0


[Site "https://www.chess.com"]

[Event "Titled Tuesday Blitz February 22 Late 2022"]
[White "Bachmann, Axel"]
[Black "Jimenez Almeida, Luis David"]
[WhiteFideId "3700488"]
[BlackFideId "22242244"]
[WhiteElo "2781"]
[BlackElo "2310"]
[Result "1-0"]
[Round "02"]
[TimeControl "180+1"]
[Date "2022.02.23"]
[WhiteClock "0:00:26"]
[BlackClock "0:00:06"]

1. d4 Nf6 2. c4 c5 3. d5 b5 4. cxb5 a6 5. e3 Qb6 6. Nc3 g6 7. a4 axb5 8. Bxb5 Bg7 9. Nf3 O-O 10. O-O Na6 11. Nd2 Nb4 12. Nc4 Qc7 13. e4 d6 14. h3 Ba6 15. Bf4 Nd7 16. Qd2 Rfb8 17. Rfe1 Nb6 18. Nxb6 Qxb6 19. e5 c4 20. exd6 exd6 21. Be3 Qd8 22. Bg5 Qb6 23. Bh6 Bd4 24. Bxa6 Rxa6 25. a5 Qa7 26. Nb5 Bxf2+ 27. Qxf2 Qxf2+ 28. Kxf2 Nd3+ 29. Kg3 Nxe1 30. Rxe1 f6 31. Nc3 Kf7 32. Re6 Rb3 33. Kh2 f5 34. Bc1 Rxa5 35. Rxd6 Ra1 36. Bg5 Rxb2 37. Rd7+ Kg8 38. d6 Rb3 39. Nd5 Rd3 40. Nf6+ Kf8 41. Bh6# 1-0


[Site "https://www.chess.com"]

[Event "Titled Tuesday Blitz February 22 Late 2022"]
[White "Bon, Michael"]
[Black "Jaferian, Koosha"]
[WhiteFideId "620696"]
[BlackFideId "12507440"]
[WhiteElo "2386"]
[BlackElo "2027"]
[Result "0-1"]
[Round "02"]
[TimeControl "180+1"]
[Date "2022.02.23"]
[WhiteClock "0:00:17"]
[BlackClock "0:00:16"]

1. e4 c6 2. d4 d5 3. e5 Bf5 4. c4 e6 5. Nc3 dxc4 6. Bxc4 Nd7 7. Nf3 Ne7 8. h3 Bg6 9. O-O Nb6 10. Bb3 Ned5 11. Qe2 Be7 12. Ne4 O-O 13. Rd1 Qc7 14. Bg5 Rad8 15. Rac1 Bxg5 16. Nfxg5 Qe7 17. Nf3 Nf4 18. Qe1 Bh5 19. Qe3 Nbd5 20. Bxd5 Nxd5 21. Qb3 Nf4 22. Nc5 Ne2+ 23. Kh2 Nxc1 24. Rxc1 Bxf3 25. Qxf3 Rxd4 26. Qe3 Rd5 27. f4 Qc7 28. Rc2 Qb6 29. Qc3 h6 30. b4 Rfd8 31. a3 Rd4 32. Qg3 Qb5 33. f5 exf5 34. e6 Qb6 35. Rf2 f4 36. Qg4 Qc7 37. exf7+ Qxf7 38. Ne6 R8d6 39. Nxf4 Rf6 40. g3 Rd8 0-1


[Site "https://www.chess.com"]

[Event "Titled Tuesday Blitz February 22 Late 2022"]
[White "Bortnyk, Olexandr"]
[Black "Badmatsyrenov, Oleg"]
[WhiteFideId "14120828"]
[BlackFideId "24115762"]
[WhiteElo "2723"]
[BlackElo "2403"]
[Result "0-1"]
[Round "02"]
[TimeControl "180+1"]
[Date "2022.02.22"]
[WhiteClock "0:00:02"]
[BlackClock "0:00:08"]

1. e4 c5 2. c3 d5 3. exd5 Qxd5 4. d4 Nf6 5. Nf3 Bg4 6. dxc5 Qxc5 7. Be3 Qc7 8. Na3 a6 9. h3 Bf5 10. Qa4+ Nbd7 11. Rd1 e5 12. Be2 Be7 13. Nb5 Qb8 14. Na3 b5 15. Qb3 O-O 16. O-O Nc5 17. Qb4 Qc7 18. Rfe1 Nd3 19. Qb3 Nxe1 20. Rxe1 Be6 21. Qc2 Nd5 22. Bc1 Bxa3 23. bxa3 Qxc3 24. Qe4 Rfe8 25. Bd2 Qxa3 26. Ng5 Nf6 27. Qh4 Bf5 28. Bf3 Rad8 29. Be3 h6 30. Ne4 Nxe4 31. Bxe4 Qb4 32. Bd2 Rxd2 33. f3 Bxe4 34. Rxe4 Rd1+ 35. Kh2 Qd6 36. Qg4 Qg6 37. Qh4 Rd2 38. Rg4 Qd6 39. Qh5 e4+ 40. f4 e3 41. Qh4 e2 42. Qg3 Qf6 43. Qe1 Rd1 0-1


[Site "https://www.chess.com"]

[Event "Titled Tuesday Blitz February 22 Late 2022"]
[White "Bouget, Alexandre"]
[Black "Liang, Jason"]
[WhiteFideId "681318"]
[BlackFideId "30940303"]
[WhiteElo "2178"]
[BlackElo "1976"]
[Result "1-0"]
[Round "02"]
[TimeControl "180+1"]
[Date "2022.02.23"]
[WhiteClock "0:00:22"]
[BlackClock "0:00:55"]

1. d4 d5 2. c4 Nc6 3. Nf3 Bg4 4. Qa4 Bxf3 5. exf3 dxc4 6. Bxc4 Qxd4 7. O-O e6 8. Nc3 Bd6 9. Be3 Qh4 10. g3 Qh5 11. Ba6 Ne7 12. Bxb7 Kd7 13. Bxa8 Rxa8 14. Ne4 Qxf3 15. Rfd1 Nd5 16. Rac1 Ne7 17. Rxc6 Nxc6 18. Rc1 Rb8 19. Qxc6+ Ke7 20. Bc5 Rd8 21. Qxc7+ Rd7 22. Bxd6+ Ke8 23. Qc8+ Rd8 24. Qc6+ Rd7 25. Ba3 Qd3 26. Nc5 Qd5 27. Qxd7+ Qxd7 28. Nxd7 Kxd7 29. Rd1+ Kc7 30. Rd3 a6 31. f4 f6 32. Kf2 e5 33. Ke3 exf4+ 34. Kxf4 g6 35. Ke4 Kc6 36. Rd6+ Kb5 37. Rxf6 a5 38. Kd3 a4 39. Kc2 g5 40. b3 h5 41. Rf5+ Kb6 42. Rxg5 h4 43. bxa4 hxg3 44. a5+ Kc6 45. hxg3 Kd7 46. Kb3 Ke6 47. Kc4 Kf6 48. Rd5 Ke6 49. a6 Kf7 50. a7 Kf6 51. a8=Q Ke6 52. Qa6+ Kf7 53. Rd7+ Ke8 54. Re7+ Kd8 55. Qa8# 1-0


[Site "https://www.chess.com"]

[Event "Titled Tuesday Blitz February 22 Late 2022"]
[White "Brunner, Nicolas"]
[Black "Melaugh, Shane"]
[WhiteFideId "620246"]
[BlackFideId "2509580"]
[WhiteElo "2372"]
[BlackElo "2000"]
[Result "1-0"]
[Round "02"]
[TimeControl "180+1"]
[Date "2022.02.23"]
[WhiteClock "0:01:38"]
[BlackClock "0:00:47"]

1. d4 e6 2. Nf3 f5 3. g3 Nf6 4. Bg2 Be7 5. O-O O-O 6. b3 d6 7. Bb2 Qe8 8. Nbd2 Nc6 9. Re1 Ne4 10. Nxe4 fxe4 11. Nd2 d5 12. f3 exf3 13. exf3 Bf6 14. Nf1 Bd7 15. f4 Ne7 16. Ne3 c5 17. Ng4 Bxd4+ 18. Bxd4 cxd4 19. Qxd4 Nf5 20. Qd2 Rc8 21. Bxd5 Qe7 22. Bxb7 Qc5+ 23. Qf2 Qxf2+ 24. Nxf2 Rxc2 25. Be4 Rc7 26. Rac1 Rfc8 27. Rxc7 Rxc7 28. Ng4 Bc6 29. Rc1 Nd4 30. Kf2 Rc8 31. Ne5 Bb7 32. Rxc8+ Bxc8 33. Ke3 Nb5 34. Bd3 Nc7 35. Nc6 a6 36. Ne7+ 1-0


[Site "https://www.chess.com"]

[Event "Titled Tuesday Blitz February 22 Late 2022"]
[White "Buchenau, Frank"]
[Black "Janaszak, Dawid"]
[WhiteFideId "4604350"]
[BlackFideId "1119206"]
[WhiteElo "2193"]
[BlackElo "2199"]
[Result "0-1"]
[Round "02"]
[TimeControl "180+1"]
[Date "2022.02.23"]
[WhiteClock "0:00:12"]
[BlackClock "0:01:32"]

1. e4 c5 2. Nf3 Nc6 3. Bb5 g6 4. Bxc6 dxc6 5. d3 Bg7 6. O-O e5 7. Be3 Qe7 8. a4 Nf6 9. a5 Ng4 10. Bg5 f6 11. Bd2 O-O 12. h3 Nh6 13. Na3 Be6 14. Qb1 b5 15. axb6 axb6 16. b4 Nf7 17. bxc5 b5 18. Bb4 f5 19. c3 Ng5 20. Nxg5 Qxg5 21. Kh1 f4 22. f3 Qh5 23. Kh2 Bf6 24. c4 Bh4 25. Be1 Bg3+ 26. Bxg3 fxg3+ 27. Kg1 Bxh3 28. gxh3 Rxf3 29. Rxf3 Qxf3 30. Qb2 Rf8 31. Qd2 b4 32. Nc2 b3 33. Nb4 b2 34. Rb1 g2 35. Qxg2 Qe3+ 36. Kh1 Rf2 37. Qg4 Qc1+ 38. Qg1 Qf4 39. Nxc6 Qf3+ 40. Qg2 Qxg2# 0-1


[Site "https://www.chess.com"]

[Event "Titled Tuesday Blitz February 22 Late 2022"]
[White "Budrewicz, Krzysztof"]
[Black "Nesterov, Arseniy"]
[WhiteFideId "1127950"]
[BlackFideId "24198455"]
[WhiteElo "2560"]
[BlackElo "2829"]
[Result "0-1"]
[Round "02"]
[TimeControl "180+1"]
[Date "2022.02.23"]
[WhiteClock "0:00:31"]
[BlackClock "0:00:48"]

1. d4 d5 2. c4 e6 3. Nc3 Nf6 4. Nf3 Nbd7 5. cxd5 exd5 6. Bg5 Be7 7. e3 h6 8. Bh4 O-O 9. Bd3 c6 10. O-O Re8 11. Qc2 Ne4 12. Bxe7 Qxe7 13. Bxe4 dxe4 14. Nd2 Nf6 15. b4 h5 16. b5 h4 17. bxc6 bxc6 18. h3 g5 19. Ne2 g4 20. Nf4 gxh3 21. gxh3 Nd5 22. Nxd5 cxd5 23. Kh1 Bxh3 24. Rg1+ Kh7 25. Qd1 Kh6 26. Rc1 Rg8 27. Rc6+ Be6 28. Rc1 Qf6 29. Qe2 Qf5 30. f3 exf3 31. Qxf3 Qxf3+ 32. Nxf3 Kh5 33. Kh2 Rab8 34. Rxg8 Rxg8 35. Rg1 Rxg1 36. Nxg1 Bg4 37. Kg2 f5 38. a3 a5 39. Kf2 Kg5 40. Kg2 f4 41. Kf2 Kf5 42. exf4 Kxf4 0-1


[Site "https://www.chess.com"]

[Event "Titled Tuesday Blitz February 22 Late 2022"]
[White "Carbone, Diego"]
[Black "Weber, Samuel"]
[WhiteFideId "3002179"]
[BlackFideId "12924008"]
[WhiteElo "2199"]
[BlackElo "2215"]
[Result "1-0"]
[Round "02"]
[TimeControl "180+1"]
[Date "2022.02.23"]
[WhiteClock "0:00:09"]
[BlackClock "0:00:33"]

1. d4 Nf6 2. c4 e6 3. Nc3 Bb4 4. Qc2 O-O 5. a3 Bxc3+ 6. Qxc3 d5 7. Bg5 dxc4 8. Qxc4 b6 9. Rd1 Ba6 10. Qa4 Qd5 11. Bxf6 gxf6 12. Nf3 Rd8 13. e3 Bxf1 14. Rxf1 Nc6 15. Rc1 Ne7 16. Ke2 c5 17. Rfd1 cxd4 18. Rxd4 Qa2 19. Rc2 Nf5 20. Rd7 Qb1 21. Nd2 Rxd7 22. Nxb1 Rad8 23. Rd2 Nd6 24. Nc3 Kf8 25. Qb4 Ke7 26. Nb5 a6 27. Nxd6 Rxd6 28. Rxd6 Rxd6 29. e4 e5 30. g3 a5 31. Qc4 Rd4 32. Qc7+ Kf8 33. f3 a4 34. Qxb6 Kg7 35. Ke3 Rd1 36. Qb4 Rh1 37. h4 Rh2 38. g4 h5 39. g5 fxg5 40. hxg5 h4 41. Qxa4 h3 42. Qb5 Rh1 43. Qxe5+ Kg8 44. Qg3 h2 45. Kf4 Kf8 46. a4 Ra1 47. Qxh2 Rxa4 48. Qh8+ Ke7 49. Qf6+ Kf8 50. Qd6+ Kg7 51. Qf6+ Kf8 52. g6 Ra7 53. b4 Ke8 54. b5 Rd7 55. Qxf7+ Rxf7+ 56. gxf7+ Kxf7 57. b6 Ke6 58. b7 Kd6 59. b8=Q+ Kc5 60. e5 Kc4 61. e6 Kd3 62. e7 Ke2 63. e8=Q+ Kf1 64. Kg3 Kg1 65. f4 Kf1 66. f5 Kg1 67. f6 Kf1 68. f7 Kg1 69. Qc7 Kh1 70. Qh8+ Kg1 71. Qc5+ Kf1 72. f8=Q+ Ke1 73. Qhe5+ Kd1 74. Qf7 Kd2 75. Qfd5# 1-0


[Site "https://www.chess.com"]